 Dungeon Crawl Stone Soup version 0.31-a0-654-gbe3e110b4e (webtiles) character file.

Game seed: 18084575200487415307

5249 spiderkeys the Covered (level 10, -3/86 HPs)
             Began as a Demigod Fighter on Aug 29, 2023.
             Slain by a yak (11 damage)
             ... on level 8 of the Dungeon.
             The game lasted 00:17:01 (9050 turns).

spiderkeys the Covered (Demigod Fighter)            Turns: 9050, Time: 00:17:02

Health: -3/86      AC: 17    Str: 31    XL:     10   Next: 14%
Magic:  22/22      EV: 10    Int: 14    God:
Gold:   551        SH:  6    Dex: 13    Spells: 8/9 levels left

rFire   . . .        J - +5 war axe
rCold   . . .        c - +0 buckler
rNeg    . . .        B - +0 crystal plate armour {rare}
rPois   .            A - +0 helmet
rElec   .            i - scarf of Amystrucs {shadows, MP+9}
rCorr   .            q - +0 pair of gloves
SInv    .            (no boots)
Will    +....        (no amulet) Stlth
                     S - +6 ring of strength
HPRegen 0.34/turn    e - +5 ring of evasion
MPRegen 0.18/turn

%: no passive effects
@: corroded
A: high MP 1, forlorn, divine attributes
a: no special abilities


You were on level 8 of the Dungeon.
You visited 2 branches of the dungeon, and saw 9 of its levels.
You also visited: Ossuary and Bailey.

You collected 551 gold pieces.


Innate Abilities, Weirdness & Mutations

You have an increased reservoir of magic. (+10% MP)
You shall have no god before yourself.
Your divine heritage dramatically boosts your attributes as you level up.


   Skills:
 + Level 7.6 Fighting
 + Level 7.3 Axes
 + Level 7.6 Armour
 + Level 7.6 Shields


You had 8 spell levels left.
You knew the following spells:

 Your Spells              Type           Power      Damage    Failure   Level
s - Sandblast             Erth           0%         2d4       100%        1

Your spell library contained the following spells:

 Spells                   Type           Power      Damage    Failure   Level
 Freeze                   Ice            0%         1d3       100%        1
 Slow                     Hex            0%         N/A       100%        1
 Cigotuvi's Dreadful Rot  Necr/Pois/Air  0%         N/A       100%        2
 Passwall                 Tmut/Erth      0%         N/A       100%        2
 Confusing Touch          Hex            0%         N/A       100%        3
 Frozen Ramparts          Ice            0%         1d1       100%        3
 Gell's Gravitas          Tloc           0%         N/A       100%        3
 Hailstorm                Conj/Ice       0%         3d3       100%        3
 Stone Arrow              Conj/Erth      0%         3d7       100%        3
 Teleport Other           Tloc           0%         N/A       100%        3
 Vampiric Draining        Necr           0%         2d6       100%        3
 Dispel Undead            Necr           0%         3d6       100%        4
 Death Channel            Necr           0%         N/A       100%        6
 Dispersal                Tloc           0%         N/A       100%        6

Inventory:

Hand Weapons
 d - a +4 flail of protection
   (You took it off Edmund on level 4 of the Dungeon)
 J - a +5 war axe (weapon)
   (You took it off a wight on level 8 of the Dungeon)
Missiles
 k - 8 poisoned darts
 u - 2 throwing nets {=f!f}
 x - 5 boomerangs
Armour
 c - a +0 buckler (worn)
 i - the scarf of Amystrucs (worn) {shadows, MP+9}
   (You found it on level 7 of the Dungeon)

   MP+9:      It affects your magic capacity (+9).
 q - a +0 pair of gloves (worn)
   (You found it on level 2 of the Dungeon)
 y - +0 acid dragon scales
   (You found it on level 6 of the Dungeon)
 A - a +0 helmet (worn)
   (You found it on level 6 of the Dungeon)
 B - a +0 crystal plate armour (worn) {rare}
   (You took it off an orc warrior in a bailey)
Jewellery
 e - a +5 ring of evasion (right hand)
   (You found it in an ossuary)
 F - a ring of fire
   (You found it on level 4 of the Dungeon)
 S - a +6 ring of strength (left hand)
   (You found it on level 3 of the Dungeon)
 Z - a ring of wizardry
   (You found it on level 5 of the Dungeon)
Wands
 m - a wand of paralysis (3)
   (You took it off an orc on level 5 of the Dungeon)
 s - a wand of mindburst (21)
   (You found it on level 8 of the Dungeon)
Scrolls
 h - 7 scrolls of teleportation {@r4}
 j - 5 scrolls of noise {!r}
 l - a scroll of enchant weapon
 n - 4 scrolls of vulnerability {!r!r}
 p - 2 scrolls of silence {!r}
 H - a scroll of fear
Potions
 g - a potion of brilliance
 o - 3 potions of curing {@q1}
 r - 3 potions of haste {@q3}
 t - 2 potions of invisibility
 v - a potion of cancellation
 C - a potion of lignification {!q}
 D - a potion of enlightenment
 G - 2 potions of mutation {!q}
 I - a potion of heal wounds {@q2}

Dungeon Overview and Level Annotations

Branches:
Dungeon (8/15) Zot: 26513  Temple (1/1) D:5 Zot: 5998 Ossuary (visited)
 Bailey (visited)
   Lair: D:8-11

Shops:
D:3 =   D:7 =:

Annotations:
D:5 1 runed translucent door, Age's ghost, amateur MiFi

.. ..... [. ##### Y
##..# ##### . #.
.##..# #....
#..#.###.##..# #.###
...c.)Y..##..# #.# #Y#
#..# #.# #. #Y####..#
#.#
....#@#.....######>#
#..ch..............#
#######.##############
#.# ##... #.# #....
#.# #.... #.# #....
#.# ##... #.# ##.#


You could see 3 yaks, a centaur and a howler monkey.


Message History

Okay, then.
You're wearing all the rings you can.
Remove which one? (? for menu, Esc to cancel) < or
S - a +6 ring of strength; > or
Z - a ring of wizardry You remove your ring of wizardry.
e - a +5 ring of evasion (right hand)
You drop a +0 scale mail.
You drop a +0 plate armour. 😕 HP[+1]
You drop a staff of death {!a}.
You drop 110 stones.
You drop 4 potions of degeneration {!q}. 😕 HP[+1]
You now have enough gold to buy the ring of the Sharp God {rC+ Dex+6} on D:3.
You can access your shopping list by pressing '$'.
You now have 551 gold pieces (gained 8). 😎 HP[+2]
Your hp is fully restored (86).
Found a stone staircase leading down.
There is a stone staircase leading down here.
A two-headed ogre comes into view.
It is wielding a +0 giant club and a +0 giant spiked club.
The two-headed ogre shouts in stereo!
You hear a howl!
You hear a bellow! x2
You barely miss the two-headed ogre.
The two-headed ogre hits you with a +0 giant club!!
You block the two-headed ogre's attack.
A yak comes into view. 😕 HP[-20]
You take 20 damage, and now have 66/86 hp.
MASSIVE DAMAGE!! (PAUSE)
You hit the two-headed ogre but do no damage.
A yak comes into view.
You block the two-headed ogre's attack. x2 😕 HP[+1]
You slash the two-headed ogre!
The two-headed ogre hits you with a +0 giant club!
The two-headed ogre hits you with a +0 giant spiked club!
* * * LOW HITPOINT WARNING * * *
😨 HP[-31]
You take 31 damage, and now have 36/86 hp.
MASSIVE DAMAGE!! (PAUSE)
You barely miss the two-headed ogre.
A howler monkey comes into view.
A centaur comes into view.
The howler monkey moves out of view.
The centaur shouts!
You slash the two-headed ogre! You block the two-headed ogre's attack.
The two-headed ogre misses you. 😨 HP[+1]
You slice the two-headed ogre!!
The two-headed ogre hits you but does no damage.
The two-headed ogre hits you with a +0 giant spiked club!
* * * LOW HITPOINT WARNING * * *
😨 HP[-9]
You take 9 damage, and now have 28/86 hp.
You slash the two-headed ogre!
You kill the two-headed ogre!
A yak comes into view. 😨 HP[+1]
You closely miss the howler monkey.
The yak bellows!
You barely miss the yak.
A yak comes into view.
A jelly comes into view.
The yak bellows!
You slice the yak!! You block the yak's attack. The yak gores you.
* * * LOW HITPOINT WARNING * * *
😨 HP[-4]
You take 4 damage, and now have 25/86 hp.
Okay, then.
You slash the yak! The yak gores you.
* * * LOW HITPOINT WARNING * * *
You hit the yak. You block the yak's attack.
You hit the yak. The yak closely misses you.
You hit the jelly. The acid corrodes you!
Your hands burn!
* * * LOW HITPOINT WARNING * * *
You hit the yak but do no damage.
The howler monkey hoots and howls with incredible vigour!
The yak barely misses you. The jelly misses you.
You hear a shout! x7 😱 HP[-4]
You take 4 damage, and now have 21/86 hp.
You hit the jelly.
Your hands burn!
* * * LOW HITPOINT WARNING * * *
You slash the yak!
You hear a shout!
The yak gores you.
* * * LOW HITPOINT WARNING * * *
You block the jelly's attack.
You hear a shout! 😱 HP[-8]
You take 8 damage, and now have 13/86 hp.
You slash the jelly!
Your hands burn!
* * * LOW HITPOINT WARNING * * *
You barely miss the yak. You block the yak's attack.
You block the jelly's attack. The jelly barely misses you.
You hit the jelly.
You kill the jelly!
You hit the yak.
The centaur wields a +0 shortbow.
The centaur shoots an arrow.
The arrow hits you.
* * * LOW HITPOINT WARNING * * *
The yak gores you!
You die...

Skill      XL: |  1  2  3  4  5  6  7  8  9 |
---------------+----------------------------+-----
Axes           | 2 3 4 5 7 |  7.3
Shields        | 3 4 5 6 7 |  7.6
Fighting       | 3 4 5 6 7 |  7.6
Armour         | 3 4 5 6 7 |  7.6

Action                     |  1- 3 |  4- 6 |  7- 9 | 10-12 || total
---------------------------+-------+-------+-------+-------++-------
  Melee: War axe           |   122 |    70 |     8 |    27 ||   227
         Flail             |       |    55 |   512 |       ||   567
  Throw: Dart              |       |     3 |     2 |       ||     5
         Boomerang         |       |       |     2 |       ||     2
   Cast: Sandblast         |       |       |     2 |       ||     2
  Evoke: Wand              |       |       |     2 |       ||     2
    Use: Potion            |       |     1 |    11 |       ||    12
         Scroll            |       |       |    13 |       ||    13
   Stab: Paralysed         |       |       |     6 |       ||     6
 Armour: Scale mail        |    66 |    80 |    61 |       ||   207
         Acid dragon scale |       |       |    97 |       ||    97
         Skin              |       |       |    28 |       ||    28
         Crystal plate arm |       |       |   212 |     5 ||   217
  Dodge: Dodged            |    61 |    65 |   204 |     7 ||   337
  Block: Buckler           |    28 |    30 |   186 |     9 ||   253

Levels and vault maps discovered:
D:1:      dpeg_arrival_round_b, layout_loops_ring, patterned_corridor
D:2:      layout_loops_ring, minmay_misc_feat_doors, skrybe_limestone_x
D:3:      layout_basic, serial_shops, shop
D:4:      layout_rooms, amethyst_overflow_temple_binary,
          nicolae_ru_path_of_blood, gammafunk_ghost_icy,
          chequers_serial_rivers_large_a, glass_columns_b, chequers_jeans,
          minivault_11, uniq_edmund
D:5:      layout_basic, mainiacjoe_overflow_large_starburst,
          minmay_temple_entry_large_hall, ebering_ghost_reflecting_pool,
          mrwooster_statue_mirror, uniq_grinder, uniq_blork_the_orc,
          uniq_eustachio
D:6:      layout_basic, mainiacjoe_overflow_boulevard
D:7:      layout_cave_pools, enter_bailey_4, nicolae_custom_books,
          nicolae_stop_n_shop_1, nicolae_lava_and_water
D:8:      wander_kiku_kobolds, layout_loops_ring, enter_ossuary_3
Temple:   kb_temple_of_zot

Notes
Turn   | Place    | Note
-------+----------+-------------------------------------------
     0 | D:1      | spiderkeys the Demigod Fighter began the quest for the Orb.
     0 | D:1      | Reached XP level 1. HP: 18/18 MP: 3/3
     0 | D:1      | magus.rc [v1.11.6]
   158 | D:1      | Reached skill level 2 in Axes
   162 | D:1      | Reached XP level 2. HP: 23/25 MP: 4/4
   415 | D:1      | You add the spells Sandblast, Passwall and Stone Arrow to
                  | your library.
   444 | D:1      | Reached skill level 3 in Shields
   448 | D:1      | Reached skill level 3 in Fighting
   448 | D:1      | Reached skill level 3 in Armour
   564 | D:1      | Reached XP level 3. HP: 31/31 MP: 5/5
  1330 | D:2      | Reached XP level 4. HP: 38/38 MP: 6/6
  1857 | D:3      | You add the spells Freeze, Frozen Ramparts and Hailstorm to
                  | your library.
  2210 | D:3      | You add the spells Gell's Gravitas, Teleport Other and
                  | Dispersal to your library.
  2587 | D:3      | Found Uwumoigu's Jewellery Shop.
  2883 | D:4      | Noticed Edmund
  2891 | D:3      | Reached XP level 5. HP: 44/45 MP: 7/7
  2981 | D:4      | Killed Edmund
  2982 | D:4      | Reached skill level 3 in Axes
  3047 | D:4      | Found a runed translucent gate.
  3087 | D:4      | Reached skill level 4 in Fighting
  3087 | D:4      | Reached skill level 4 in Armour
  3087 | D:4      | Reached skill level 4 in Shields
  3087 | D:4      | Reached XP level 6. HP: 51/52 MP: 8/8
  3174 | D:4      | HP: 12/52 [poisoned by a scorpion]
  3179 | D:4      | HP: 8/52 [poisoned by a scorpion]
  3550 | D:4      | Noticed azzazzello's ghost (amateur DrIE)
  3586 | D:4      | Found a runed translucent gate.
  3586 | D:4      | Found a runed translucent gate.
  3986 | D:4      | Killed azzazzello's ghost
  3987 | D:4      | Reached XP level 7. HP: 28/60 MP: 9/9
  3988 | D:4      | Reached skill level 4 in Axes
  4182 | D:5      | Entered Level 5 of the Dungeon
  4182 | D:5      | Noticed Blork the orc
  4187 | D:5      | Killed Blork the orc
  4324 | D:5      | Found a staircase to the Ecumenical Temple.
  4344 | Temple   | Entered the Ecumenical Temple
  4353 | D:5      | Noticed Grinder
  4370 | D:5      | Killed Grinder
  4371 | D:5      | Reached skill level 5 in Fighting
  4371 | D:5      | Reached skill level 5 in Armour
  4371 | D:5      | Reached skill level 5 in Shields
  4502 | D:5      | Reached XP level 8. HP: 24/68 MP: 10/10
  4793 | D:5      | Found a runed translucent door.
  4796 | D:5      | Noticed Age's ghost (amateur MiFi)
  4834 | D:5      | Noticed Eustachio
  4858 | D:5      | Killed Eustachio
  4859 | D:5      | Reached skill level 5 in Axes
  5018 | D:5      | You add the spells Slow, Vampiric Draining and Confusing
                  | Touch to your library.
  5935 | D:6      | You add the spells Cigotuvi's Dreadful Rot, Dispel Undead
                  | and Death Channel to your library.
  6339 | D:7      | Found Giocrun's Jewellery Boutique.
  6420 | D:7      | Reached skill level 6 in Armour
  6426 | D:7      | Reached skill level 6 in Shields
  6448 | D:7      | Identified the scarf of Amystrucs {shadows, MP+9}
  6486 | D:7      | Reached skill level 6 in Fighting
  6509 | D:7      | Found a flagged portal.
  6643 | Bailey   | Entered a bailey
  6748 | Bailey   | HP: 17/70 [orc warrior/+0 spear (4)]
  6764 | Bailey   | HP: 21/105 [orc warrior/+0 spear (7)]
  6769 | Bailey   | HP: 11/105 [orc warrior/+0 spear (5)]
  6982 | Bailey   | Reached XP level 9. HP: 47/75 MP: 11/11
  7070 | Bailey   | Learned a level 1 spell: Sandblast
  7100 | Bailey   | Identified a +0 crystal plate armour
  7315 | Bailey   | Reached skill level 6 in Axes
  7316 | Bailey   | a +0 halberd; a +0 crystal plate armour {rare}
  7318 | Bailey   | a +0 halberd; a +0 crystal plate armour {rare}
  7318 | Bailey   | B - a +0 crystal plate armour {rare}
  7331 | Bailey   | Noticed an orc knight
  7400 | D:7      | You finish putting on your +0 crystal plate armour {rare}.
  7555 | D:7      | HP: 13/78 [troll (9)]
  7560 | D:7      | HP: 13/78 [troll (3)]
  7837 | D:7      | Found Nehawow's Self-Published Books.
  8119 | D:8      | Reached skill level 7 in Armour
  8127 | D:8      | Reached skill level 7 in Fighting
  8127 | D:8      | Reached skill level 7 in Shields
  8159 | D:8      | Found a sand-covered staircase.
  8169 | Ossuary  | Entered an ossuary
  8603 | Ossuary  | Reached skill level 7 in Axes
  8885 | D:8      | Reached XP level 10. HP: 64/86 MP: 13/13
  9031 | D:8      | Noticed a two-headed ogre
  9038 | D:8      | Killed a two-headed ogre
  9047 | D:8      | HP: 20/86 [acid (5)]
  9050 | D:8      | HP: 8/86 [centaur/arrow (5)]
  9050 | D:8      | Slain by a yak

Vanquished Creatures
  A two-headed ogre (D:8)
  A troll (D:7)
  Grinder (D:5)
  5 yaks (D:8)
  Eustachio (D:5)
  Edmund (D:4)
  An acid dragon (D:6)
  A water moccasin (D:5)
  3 ice beasts
  7 orc warriors
  The ghost of azzazzello the Chiller, an amateur DrIE of Vehumet (D:4)
  A kobold brigand (D:7)
  Blork the orc (D:5)
  2 bullfrogs
  2 scorpions (D:4)
  3 wights (D:8)
  3 killer bees (D:8)
  4 bullfrog zombies (Ossuary)
  An electric eel (D:7)
  5 centaur zombies (Ossuary)
  A jelly (D:8)
  A water moccasin simulacrum (D:4)
  4 hounds
  3 orc priests
  3 iguanas
  4 orc wizards
  2 killer bee zombies (Ossuary)
  A bullfrog simulacrum (D:4)
  11 mummies (Ossuary)
  3 howler monkey zombies (Ossuary)
  4 gnolls (D:6)
  8 adders
  A hound simulacrum (D:4)
  2 shadow imps
  3 white imps
  An ufetubus (D:5)
  2 worms
  2 dart slugs
  An adder simulacrum (D:4)
  39 orcs
  4 bats
  8 endoplasms
  5 giant cockroaches
  9 goblins
  7 hobgoblins
  7 jackals (D:1)
  2 quokkas
  7 ball pythons
  4 frilled lizards
  A hobgoblin zombie (D:8)
  12 kobolds
  2 kobold zombies (D:8)
  2 rats
211 creatures vanquished.

Table legend:
 A = Non-vault XP
 B = Vault XP
 C = Vault XP percentage of total XP
 D = Non-vault monster count
 E = Vault monster count
 F = Vault count percentage of total count
                 A         B        C        D         E       F
            +---------+---------+-------+---------+---------+-------
      Total |    4728 |    2816 |  37.3 |     141 |      70 |  33.2
            +---------+---------+-------+---------+---------+-------
        D:1 |      48 |       0 |   0.0 |      27 |       0 |   0.0
        D:2 |     111 |       0 |   0.0 |      21 |       0 |   0.0
        D:3 |      80 |       0 |   0.0 |      13 |       0 |   0.0
        D:4 |     343 |     521 |  60.3 |      18 |       8 |  30.8
        D:5 |     439 |     588 |  57.3 |      13 |       3 |  18.8
        D:6 |     293 |       0 |   0.0 |      13 |       0 |   0.0
        D:7 |    1001 |      11 |   1.1 |      19 |       5 |  20.8
        D:8 |    2413 |       3 |   0.1 |      17 |       3 |  15.0
    Ossuary |       0 |     827 | 100.0 |       0 |      25 | 100.0
     Bailey |       0 |     866 | 100.0 |       0 |      26 | 100.0
            +---------+---------+-------+---------+---------+-------

Skill      XL: |  1  2  3  4  5  6  7  8  9 |
---------------+----------------------------+-----
Axes           | 2 3 4 5 7 |  7.3
Shields        | 3 4 5 6 7 |  7.6
Fighting       | 3 4 5 6 7 |  7.6
Armour         | 3 4 5 6 7 |  7.6

Action                     |  1- 3 |  4- 6 |  7- 9 | 10-12 || total
---------------------------+-------+-------+-------+-------++-------
  Melee: War axe           |   122 |    70 |     8 |    27 ||   227
         Flail             |       |    55 |   512 |       ||   567
  Throw: Dart              |       |     3 |     2 |       ||     5
         Boomerang         |       |       |     2 |       ||     2
   Cast: Sandblast         |       |       |     2 |       ||     2
  Evoke: Wand              |       |       |     2 |       ||     2
    Use: Potion            |       |     1 |    11 |       ||    12
         Scroll            |       |       |    13 |       ||    13
   Stab: Paralysed         |       |       |     6 |       ||     6
 Armour: Scale mail        |    66 |    80 |    61 |       ||   207
         Acid dragon scale |       |       |    97 |       ||    97
         Skin              |       |       |    28 |       ||    28
         Crystal plate arm |       |       |   212 |     5 ||   217
  Dodge: Dodged            |    61 |    65 |   204 |     7 ||   337
  Block: Buckler           |    28 |    30 |   186 |     9 ||   253

Illustrated notes

Table legend:
 A = Kills in this place as a percentage of kills in the entire game.
 B = Kills by you in this place as a percentage of kills by you in the entire game.
 C = Kills by friends in this place as a percentage of kills by friends in the entire game.
 D = Other kills in this place as a percentage of other kills in the entire game.
 E = Experience gained in this place as a percentage of experience gained in the entire game.
 F = Experience gained in this place divided by the number of levels of this place that you have seen.
                   A       B       C       D       E      F
               +-------+-------+-------+-------+-------+----------------------
         Total | 100.0 | 100.0 |   N/A |   N/A | 100.0 | 685.8
       Dungeon |  75.8 |  75.8 |   N/A |   N/A |  77.6 | 731.4
       Ossuary |  11.8 |  11.8 |   N/A |   N/A |  11.0 | 827.0
        Bailey |  12.3 |  12.3 |   N/A |   N/A |  11.5 | 866.0
               +-------+-------+-------+-------+-------+----------------------

Table legend: (Time is in decaauts)
 A = Elapsed time spent in this place.
 B = Non-inter-level travel time spent in this place.
 C = Inter-level travel time spent in this place.
 D = Time resting spent in this place.
 E = Time spent auto-exploring this place.
 F = Levels seen in this place.
 G = Mean time per level.
                   A        B        C        D        E       F      G
               +--------+--------+--------+--------+--------+-----+--------+
         Total |   9337 |   8850 |    487 |    746 |   6139 |  11 |  848.8 |
       Dungeon |   8038 |   7551 |    487 |    388 |   5762 |   8 | 1004.8 |
        Temple |      1 |      1 |      0 |      0 |      0 |   1 |    1.0 |
       Ossuary |    558 |    558 |      0 |     10 |    262 |   1 |  558.0 |
        Bailey |    739 |    739 |      0 |    348 |    115 |   1 |  739.0 |
               +--------+--------+--------+--------+--------+-----+--------+

Top non-repeatable levels by time:
     D:3: 1464 daAuts
     D:4: 1182 daAuts
     D:5: 1135 daAuts
     D:7: 1135 daAuts
     D:2: 981 daAuts
     D:6: 861 daAuts
     D:1: 791 daAuts
  Bailey: 739 daAuts
 Ossuary: 558 daAuts
     D:8: 485 daAuts
  Temple: 1 daAuts
